 Dungeon Crawl Stone Soup version 0.31-a0-986-g5e6e4ef867 (webtiles) character file.

Game seed: 15528460144625945562

1159 Persephone the Carver (level 8, -3/58 HPs)
             Began as a Merfolk Berserker on Nov 6, 2023.
             Was a Believer of Trog.
             Slain by a water moccasin (6 damage)
             ... on level 5 of the Dungeon.
             The game lasted 00:05:09 (4105 turns).

Persephone the Carver (Merfolk Berserker)           Turns: 4105, Time: 00:05:09

Health: -3/58      AC:  4    Str: 18    XL:     8   Next: 39%
Magic:  8/8        EV: 12    Int:  6    God:    Trog [**....]
Gold:   204        SH:  0    Dex: 15    Spells: 7/7 levels left

rFire   . . .        a - +0 falchion
rCold   . . .        (no shield)
rNeg    . . .        h - +0 leather armour
rPois   .            (no helmet)
rElec   .            (no cloak)
rCorr   .            (no gloves)
SInv    .            t - +0 pair of boots
Will    ++...        (no amulet)
Stlth   +            (no ring)
HPRegen 1.29/turn    (no ring)
MPRegen 0.11/turn

%: no passive effects
@: lethally poisoned (-3 -> -3), strong-willed, regenerating
A: (nimble swimmer 2), mertail
a: Renounce Religion, Berserk, Trog's Hand


You were on level 5 of the Dungeon.
You worshipped Trog.
Trog was pleased with you.
You visited 1 branch of the dungeon, and saw 5 of its levels.

You collected 204 gold pieces.

Inventory:

Hand Weapons
 a - a +0 falchion (weapon)
Armour
 b - a +0 animal skin
 h - a +0 leather armour (worn)
 t - a +0 pair of boots (worn)
Wands
 q - a wand of charming (5)
Scrolls
 c - a scroll of fog {unknown}
 d - 4 scrolls of identify {unknown}
 e - a scroll of immolation {unknown}
 g - 2 scrolls of amnesia {unknown}
 i - a scroll of enchant weapon {unknown}
 m - 3 scrolls of blinking {unknown}
 n - a scroll of noise {unknown}
 p - 3 scrolls of poison {unknown}
 r - a scroll of acquirement {unknown}
 s - a scroll of vulnerability {unknown}
Potions
 f - a potion of curing {unknown}
 j - 2 potions of brilliance
 k - 3 potions of heal wounds
 l - a potion of ambrosia {unknown}
 o - a potion of degeneration {unknown}


   Skills:
 - Level 3.2 Fighting
 + Level 12.1 Long Blades
 - Level 1.3 Armour
 - Level 2.6 Dodging


You had 7 spell levels left.
You didn't know any spells.
Your spell library was empty.

Dungeon Overview and Level Annotations

Branches:
Dungeon (5/15)
 Temple: D:4-7

Altars:
Cheibriados


Innate Abilities, Weirdness & Mutations

((You are very nimble when in or above water. (Stealth+, EV+, Speed+++)))
Your lower body shifts to a powerful aquatic tail in water.


Message History

You miss the water moccasin.
The water moccasin is lightly wounded.
You feel very sick. The water moccasin bites you.
You hit the water moccasin.
The water moccasin is moderately wounded.
You feel sick. The water moccasin bites you!
You are more poisoned.
The water moccasin poisons you!
You slash the water moccasin!
The water moccasin is heavily wounded.
You feel very sick. The water moccasin bites you.
You hit the water moccasin.
The water moccasin is heavily wounded.
You feel very sick.
The water moccasin bites you but does no damage.
You closely miss the water moccasin.
The water moccasin is heavily wounded.
You feel very sick. The water moccasin closely misses you.
You slash the water moccasin!
The water moccasin is severely wounded.
You feel very sick. The water moccasin closely misses you.
You barely miss the water moccasin.
The water moccasin is severely wounded.
You feel sick. The water moccasin bites you.
* * * LOW HITPOINT WARNING * * *
You miss the water moccasin.
The water moccasin is severely wounded.
You feel sick. The water moccasin misses you.
You closely miss the water moccasin.
The water moccasin is severely wounded.
You feel sick. The water moccasin bites you.
* * * LOW HITPOINT WARNING * * *
Your skin crawls.
You feel strong-willed.
You feel sick. The water moccasin bites you.
You die...

....#....#....########
..........<...#
..#####..#....#
#..#....###
#.........#
..........#
#.......#..#
#..<.......#
<.........@#
.......#.S#
.......#...
.......#...# ....
#.... >.. #.....
...... .......


You could see a water moccasin.

Vanquished Creatures
  Duvessa (D:4)
  A black bear (D:4)
  An ice beast (D:5)
  2 ogres
  A phantom (D:4)
  A kobold brigand (D:4)
  3 scorpions
  Dowan (D:4)
  A jelly (D:4)
  A hound (D:4)
  An iron imp (D:4)
  Natasha (thrice) (D:4)
  2 iguanas
  7 adders
  3 worms
  4 dart slugs
  An orc (D:4)
  4 ball pythons
  3 bats
  7 endoplasms
  3 giant cockroaches
  8 goblins
  2 hobgoblins
  3 quokkas
  3 frilled lizards
  4 kobolds
  3 rats
74 creatures vanquished.

Notes
Turn   | Place    | Note
-------+----------+-------------------------------------------
     0 | D:1      | Persephone the Merfolk Berserker began the quest for the
                  | Orb.
     0 | D:1      | Reached XP level 1. HP: 18/18 MP: 1/1
   175 | D:1      | Reached skill level 4 in Long Blades
   265 | D:1      | Reached XP level 2. HP: 24/24 MP: 2/2
   624 | D:1      | Found a faded altar of an unknown god.
   885 | D:2      | Reached XP level 3. HP: 29/29 MP: 3/3
   940 | D:2      | Reached skill level 5 in Long Blades
  1464 | D:3      | Reached XP level 4. HP: 34/35 MP: 4/4
  1684 | D:3      | Noticed an ogre
  1690 | D:3      | Killed an ogre
  1691 | D:3      | Reached skill level 7 in Long Blades
  1691 | D:3      | Reached XP level 5. HP: 41/41 MP: 5/5
  1786 | D:3      | Reached ** piety under Trog
  2551 | D:4      | Noticed Natasha
  2561 | D:4      | Killed Natasha
  2562 | D:4      | Reached XP level 6. HP: 45/47 MP: 6/6
  2590 | D:4      | Reached skill level 8 in Long Blades
  2658 | D:4      | Noticed Dowan
  2662 | D:4      | Noticed Duvessa
  2672 | D:4      | Killed Duvessa
  2677 | D:4      | Killed Dowan
  2691 | D:4      | Noticed Natasha
  2806 | D:4      | Killed Natasha
  2807 | D:4      | Reached skill level 9 in Long Blades
  2986 | D:4      | Noticed a black bear
  3003 | D:4      | Reached XP level 7. HP: 26/52 MP: 7/7
  3014 | D:4      | Reached skill level 10 in Long Blades
  3445 | D:4      | Reached skill level 11 in Long Blades
  3445 | D:4      | Reached XP level 8. HP: 40/58 MP: 8/8
  3658 | D:4      | Noticed Natasha
  3670 | D:4      | Killed Natasha
  3691 | D:5      | Entered Level 5 of the Dungeon
  3832 | D:4      | Found a snail-covered altar of Cheibriados.
  3849 | D:4      | Reached skill level 12 in Long Blades
  4105 | D:5      | Slain by a water moccasin

Illustrated notes

Levels and vault maps discovered:
D:1:      psy_arrival_radial01, layout_basic,
          shapermc_ecumenical_altar_acropolis
D:2:      layout_rooms, serial_bayou_lagoon_a
D:3:      layout_rooms, st_stairs_7
D:4:      nicolae_cairo_tiling_large_dashed, layout_basic, slow_altar_2,
          nicolae_zen_rock_garden, minmay_joined_circles, uniq_duvessa,
          uniq_natasha
D:5:      layout_rooms, lemuel_round_altar, serial_shops,
          nicolae_shop_dealshenge, nicolae_shop_self_help

Skill      XL: |  1  2  3  4  5  6  7  8 |
---------------+-------------------------+-----
Long Blades    | 4 5 7 9 11 12 | 12.1
Fighting       | |  3.2
Armour         | |  1.3
Dodging        | |  2.6

Action                     |  1- 3 |  4- 6 |  7- 9 || total
---------------------------+-------+-------+-------++-------
  Melee: Falchion          |    74 |   149 |   110 ||   333
         Punch             |       |     3 |     1 ||     4
 Invoke: Berserk           |       |     2 |     2 ||     4
         Trog's Hand       |       |       |     1 ||     1
    Use: Potion            |     1 |       |     1 ||     2
   Stab: Sleeping          |       |     1 |     1 ||     2
 Armour: Animal skin       |    11 |       |       ||    11
         Leather armour    |    34 |    66 |    57 ||   157
  Dodge: Dodged            |    40 |    68 |    53 ||   161

Table legend: (Time is in decaauts)
 A = Elapsed time spent in this place.
 B = Non-inter-level travel time spent in this place.
 C = Inter-level travel time spent in this place.
 D = Time resting spent in this place.
 E = Time spent auto-exploring this place.
 F = Levels seen in this place.
 G = Mean time per level.
                   A        B        C        D        E       F      G
               +--------+--------+--------+--------+--------+-----+--------+
         Total |   4115 |   4041 |     74 |      0 |   3378 |   5 |  823.0 |
       Dungeon |   4115 |   4041 |     74 |      0 |   3378 |   5 |  823.0 |
               +--------+--------+--------+--------+--------+-----+--------+

Top non-repeatable levels by time:
     D:4: 1758 daAuts
     D:3: 880 daAuts
     D:1: 845 daAuts
     D:2: 574 daAuts
     D:5: 55 daAuts
